 Dungeon Crawl Stone Soup version 0.19-a0-1608-g4cf22de (webtiles) character file.

31 4thArraOfDagon the Firebug (level 3, -8/19 HPs)
             Began as a Deep Elf Fire Elementalist on Sept 17, 2016.
             Killed by divine providence
             ... invoked by an orc priest
              (13 damage)
             ... on level 4 of the Dungeon.
             The game lasted 00:01:53 (302 turns).

4thArraOfDagon the Firebug (DEFE)                    Turns: 302, Time: 00:01:54

Health: -8/19      AC:  2    Str: 10    XL:     3   Next: 7%
Magic:  3/9        EV: 13    Int: 25    God:
Gold:   24         SH:  0    Dex: 15    Spells: 1 memorised, 7 levels left

rFire  . . .     SeeInvis .     l - +0 mace
rCold  . . .     Gourm    .     a - +0 robe
rNeg   . . .     Faith    .     (no shield)
rPois  .         Spirit   .     (no helmet)
rElec  .         Dismiss  .     (no cloak)
rCorr  .         Reflect  .     (no gloves)
MR     .....     Harm     .     (no boots)
Stlth  ++........               (no amulet)
                                (no ring)
                                (no ring)

@: mighty, brilliant
A: no striking features
a: no special abilities


You were on level 4 of the Dungeon.
You were not hungry.

You visited 1 branch of the dungeon, and saw 4 of its levels.

You collected 24 gold pieces.

Inventory:

Hand Weapons
 l - a +0 mace (weapon)
Missiles
 h - 8 curare-tipped needles
Armour
 a - a +0 robe (worn)
Scrolls
 e - a scroll of blinking {unknown}
 f - a scroll of recharging {unknown}
 g - 2 scrolls of identify {unknown}
 j - 2 scrolls of enchant weapon {unknown}
Potions
 i - a potion of brilliance
 k - a potion of might
 m - a potion of magic {unknown}
 n - a potion of curing {unknown}
Books
 b - a book of Flames

   Spells                             Type                      Level
   a - Flame Tongue                   Conjuration/Fire             1
   b - Throw Flame                    Conjuration/Fire             2
   c - Conjure Flame                  Conjuration/Fire             3
   d - Inner Flame                    Hexes/Fire                   3
   e - Sticky Flame                   Conjuration/Fire             4
   f - Fireball                       Conjuration/Fire             5
Comestibles
 c - 2 bread rations
 d - a beef jerky


   Skills:
 - Level 2.4 Dodging
 - Level 2.4 Stealth
 + Level 3.4 Spellcasting
 * Level 2.2 Conjurations
 * Level 3.8 Fire Magic


You had 7 spell levels left.
You knew the following spells:

 Your Spells              Type           Power        Failure   Level  Hunger
a - Flame Tongue          Conj/Fire      ####.        1%          1    None


Dungeon Overview and Level Annotations

Branches:
Dungeon (4/15)
 Temple: D:4-7

Altars:


Message History

Confirm with . or Enter, or press ? or * to list all spells.
Aiming: Flame Tongue
Press: ? - help, Shift-Dir - straight line, f/p - adder
Aim: an adder (heavily wounded)
The flame tongue hits the adder.
You kill the adder!
You have reached level 3!
Your experience leads to an increase in your attributes!
Increase (S)trength, (I)ntelligence, or (D)exterity?
You feel clever.
The orc priest looks braver for a moment.
Unknown command.
It was a potion of might.
You feel very mighty all of a sudden.
It was a potion of brilliance.
You feel clever all of a sudden.
The orc priest calls down the wrath of Beogh upon you.
Beogh smites you!
Ouch! That really hurt!
You die...

#### ..# #..#
..# #..###..#
#.......#
+......#
#.(....#
#......#
#..##o.#
#..##@.#
........##..#
./......<#...#
...o.....#...#
....#######.##
.... .# ... ..
.. ..


You could see an orc priest.

Vanquished Creatures
  An adder (D:4)
  A dart slug (D:1)
  A leopard gecko (D:1)
  3 orcs (D:3)
  A bat (D:3)
  3 hobgoblins
  A kobold (D:1)
  2 frilled lizards (D:1)
  4 rats
17 creatures vanquished.

Notes
Turn   | Place    | Note
-------+----------+-------------------------------------------
     0 | D:1      | 4thArraOfDagon the Deep Elf Fire Elementalist began the quest for the Orb.
     0 | D:1      | Reached XP level 1. HP: 10/10 MP: 6/6
     0 | D:1      | 4thArraOfDagon: what are you streaking?
    29 | D:1      | Ultraviolent4: random characters
   105 | D:1      | Reached XP level 2. HP: 15/15 MP: 5/8
   106 | D:1      | 4thArraOfDagon: !current status?
   120 | D:1      | Ultraviolent4: 4 i think
   202 | D:3      | Ultraviolent4: dunno i only started yesterday lol
   295 | D:4      | RIP
   300 | D:4      | Reached XP level 3. HP: 5/19 MP: 3/9
   302 | D:4      | Killed from afar by an orc priest

Vault maps used:
D:1:      zaba_arrival_water, hangedman_decor_riveting
D:2:      first_bread
D:3:      serial_forest, infiniplex_forest_lined_3,
          infiniplex_forest_lined_room_, infiniplex_forest_fountain,
          infiniplex_forest_straight_4, infiniplex_forest_straight_4,
          infiniplex_forest_clump_medium, infiniplex_forest_straight_5,
          infiniplex_forest_end_3, infiniplex_forest_end_1, uniq_robin
D:4:      uniq_natasha

Skill      XL: |  1  2 |
---------------+-------+-----
Conjurations   | 2 |  2.2
Dodging        | |  2.4
Stealth        | |  2.4
Spellcasting   | |  3.4
Fire Magic     | |  3.8

Action                   || total
-------------------------++-------
Melee: Mace              ||     1
 Cast: Flame Tongue      ||    31
  Use: Potion            ||     2
Dodge: Dodged            ||     8
